 Dungeon Crawl Stone Soup version 0.26-a0-661-g406de6ba63 (webtiles) character file.

Game seed: 12916943180308269638

116 Azzer the Ruffian (level 4, -14/44 HPs)
             Began as a Troll Berserker on Oct 9, 2020.
             Was an Initiate of Makhleb.
             Demolished by a polar bear (19 damage)
             ... created by the rage of Trog
             ... on level 3 of the Dungeon.
             The game lasted 00:23:55 (2233 turns).

Azzer the Ruffian (Troll Berserker)                 Turns: 2233, Time: 00:23:55

Health: -14/44     AC:  6    Str: 26    XL:     4   Next: 70%
Magic:  3/3        EV: 10    Int:  3    God:    Makhleb [......]
Gold:   154        SH:  0    Dex:  9    Spells: 3/3 levels left

rFire    . . .     SeeInvis .     - Unarmed
rCold    . . .     Faith    .   (no shield)
rNeg     . . .     Spirit   .   a - +0 animal skin
rPois    .         Reflect  .   (helmet restricted)
rElec    .         Harm     .   (no cloak)
rCorr    .         Rampage  .   (gloves unavailable)
MR       .....                  (boots unavailable)
Stlth    +.........             (no amulet)
HPRegen  0.54/turn              (no ring)
MPRegen  0.08/turn              (no ring)

@: no status effects
A: large, unfitting armour, claws 3, regeneration 1, shaggy fur 1, tough skin 3
a: Renounce Religion


You were on level 3 of the Dungeon.
You worshipped Makhleb.
Makhleb was noncommittal.
You visited 1 branch of the dungeon, and saw 3 of its levels.

You collected 154 gold pieces.

Inventory:

Hand Weapons
 c - a +1 short sword
 d - a +0 club
 e - a +0 dagger
 h - a +0 club
 j - a +0 club
 k - a cursed +0 club
 n - a +0 dagger
 o - a +0 dagger
 s - a cursed -2 whip
 A - a cursed -1 club
 B - a +0 mace
 D - a +0 club
 G - a +0 hand axe
 J - a +0 club
 N - a +0 dagger
 R - a +0 great mace
 T - a +0 club
 U - a +0 club
Missiles
 i - 35 stones (quivered)
 l - 9 arrows
 r - 21 bolts
 w - 10 boomerangs
 y - 27 sling bullets
Armour
 a - a +0 animal skin (worn)
 m - a +0 leather armour
 q - a +0 ring mail
 C - a cursed +0 robe
 E - a +0 leather armour
 M - a cursed +0 scale mail
 P - a +0 chain mail
 Q - a +0 helmet
 S - a +0 ring mail
Jewellery
 g - an uncursed amulet of faith {unknown}
 p - a cursed ring of protection from magic {unknown}
 t - an uncursed ring of magical power {unknown}
 v - an uncursed amulet of magic regeneration {unknown}
 K - an uncursed ring of positive energy {unknown}
Scrolls
 u - 2 scrolls of identify
 x - 2 scrolls of enchant weapon
 I - a scroll of remove curse {unknown}
 O - 2 scrolls of enchant armour {unknown}
Potions
 b - a potion of curing
 f - a potion of might {unknown}
 z - a potion of heal wounds {unknown}
 F - a potion of flight {unknown}
 L - a potion of invisibility {unknown}


   Skills:
 + Level 2.9 Fighting
 + Level 3.2 Dodging
 + Level 0.2 Stealth
 + Level 4.3 Unarmed Combat


You had 3 spell levels left.
You didn't know any spells.
Your spell library was empty.

Dungeon Overview and Level Annotations

Branches:
Dungeon (3/15)

Altars:
Hepliaklqana
Makhleb


Innate Abilities, Weirdness & Mutations

You are too large for most types of armour.
You have claws for hands.
Your natural rate of healing is unusually fast.
You are covered in fur. (AC +1)
You have extremely tough skin. (AC +3)


Message History

You scratch the polar bear.
The polar bear is lightly wounded.
You claw the polar bear!
The polar bear is lightly wounded.
The black bear bites you.
The black bear claws you but does no damage.
The black bear claws you! The polar bear barely misses you. x2
The polar bear claws you but does no damage.
The polar bear bites you!
The polar bear claws you but does no damage. x2
As you read the scroll labeled QOET ROWKUUT, it crumbles to dust.
It is a scroll of amnesia.
You feel forgetful for a moment.
The black bear bites you but does no damage.
The black bear claws you.
* * * LOW HITPOINT WARNING * * *
The black bear claws you!
* * * LOW HITPOINT WARNING * * *
The polar bear bites you!!
You die...

#.# #.# #.#####................
###.# #.#
#.....รท......##.##.##.# #...#
#.# ##............#.##.##.# #.###
#.####.####.......#.##.##.#
#.#####......>...<#.##..#.^.....#
.....#######.####.#.##.........##
.....# ##...###.#.##.#####.#...
.....# #.###.##h#.##.# #.#..#
.....# #.# #.h@h#.##.# #.#..#
.....# #.###.##h#.##.# #.#..#
##.### ##...###h#.##.# #.#..# #.#
#######.# ... .....# #.# #..# ###
###..# #.# #..# #..# #.# #..#
#..# #.# #..# #... #.########
#..# #####..#


You could see 3 polar bears and 2 black bears.

Vanquished Creatures
  A worker ant (D:3)
  4 adders
  An ooze (D:1)
  A worm (D:2)
  2 dart slugs (D:1)
  A leopard gecko (D:2)
  An orc (D:3)
  A giant cockroach (D:2)
  8 goblins
  6 hobgoblins
  3 jackals (D:1)
  3 kobolds
  4 bats
  2 frilled lizards (D:3)
  10 rats
48 creatures vanquished.

Notes
Turn   | Place    | Note
-------+----------+-------------------------------------------
     0 | D:1      | Azzer the Troll Berserker began the quest for the Orb.
     0 | D:1      | Reached XP level 1. HP: 22/22 MP: 0/0
   316 | D:1      | Reached XP level 2. HP: 29/29 MP: 1/1
   947 | D:2      | Reached XP level 3. HP: 32/36 MP: 2/2
  1172 | D:2      | Reached ** piety under Trog
  1371 | D:2      | Reached XP level 4. HP: 44/44 MP: 3/3
  1505 | D:2      | Found a burning altar of Makhleb.
  1514 | D:2      | Fell from the grace of Trog
  1514 | D:2      | Became a worshipper of Makhleb the Destroyer
  1769 | D:3      | Reached skill level 4 in Unarmed Combat
  1816 | D:3      | Found a hazy altar of Hepliaklqana.
  2231 | D:3      | Noticed a black bear
  2231 | D:3      | Noticed a polar bear
  2231 | D:3      | Noticed a polar bear
  2231 | D:3      | Noticed a polar bear
  2231 | D:3      | Noticed a black bear
  2233 | D:3      | Demolished by a polar bear

Illustrated notes

Levels and vault maps discovered:
D:1:      nicolae_arrival_somewhat_less_tricky_arrival, layout_basic
D:2:      layout_rooms, lightli_temple_of_fire, serial_corexii_hall,
          corexii_hall_statues_l, chequers_hall_statues_corner_a,
          chequers_serial_rivers_large_a
D:3:      layout_loops_ring, lemuel_doored_altar, hangedman_decor_push

Skill      XL: |  1  2  3  4 |
---------------+-------------+-----
Dodging        | 3 |  3.2
Unarmed Combat | 4 |  4.3
Fighting       | |  2.9
Stealth        | |  0.2

Action                   |  1- 3 |  4- 6 || total
-------------------------+-------+-------++-------
Melee: Unarmed           |    92 |    33 ||   125
       Punch             |     1 |     1 ||     2
  Use: Scroll            |     4 |     1 ||     5
 Stab: Sleeping          |     1 |       ||     1
Armor: Animal skin       |    38 |    16 ||    54
Dodge: Dodged            |    46 |    13 ||    59

Table legend: (Time is in decaauts)
 A = Elapsed time spent in this place.
 B = Non-inter-level travel time spent in this place.
 C = Inter-level travel time spent in this place.
 D = Time resting spent in this place.
 E = Time spent auto-exploring this place.
 F = Levels seen in this place.
 G = Mean time per level.
                   A        B        C        D        E       F      G
               +--------+--------+--------+--------+--------+-----+--------+
         Total |   2241 |   2140 |    101 |    100 |      0 |   3 |  747.0 |
       Dungeon |   2241 |   2140 |    101 |    100 |      0 |   3 |  747.0 |
               +--------+--------+--------+--------+--------+-----+--------+

Top non-repeatable levels by time:
     D:1: 918 daAuts
     D:3: 687 daAuts
     D:2: 635 daAuts
